 Dungeon Crawl Stone Soup version 0.28.0-47-ge53b351184 (webtiles) character file.

Game seed: 13323347257870142213

18 Peloso the Shield-Bearer (level 2, -7/27 HPs)
             Began as a Minotaur Fighter on May 1, 2022.
             Mangled by Sigmund
             ... wielding a +0 scythe
              (8 damage)
             ... on level 2 of the Dungeon.
             The game lasted 00:00:58 (996 turns).

Peloso the Shield-Bearer (Minotaur Fighter)          Turns: 996, Time: 00:00:59

Health: -7/27      AC:  7    Str: 20    XL:     2   Next: 51%
Magic:  1/1        EV:  9    Int:  5    God:
Gold:   11         SH:  4    Dex:  9    Spells: 1/1 levels left

rFire   . . .      SeeInvis .   a - +0 long sword
rCold   . . .      Faith    .   c - +0 buckler
rNeg    . . .      Spirit   .   b - +0 scale mail
rPois   .          Reflect  .   (helmet restricted)
rElec   .          Harm     .   (no cloak)
rCorr   .          Rampage  .   (no gloves)
Will    .....                   (no boots)
Stlth   ..........              (no amulet)
HPRegen 0.09/turn               (no ring)
MPRegen 0.07/turn               (no ring)

@: no status effects
A: horns 2, retaliatory headbutt
a: no special abilities


You were on level 2 of the Dungeon.
You visited 1 branch of the dungeon, and saw 2 of its levels.

You collected 11 gold pieces.

Inventory:

Hand Weapons
 a - a +0 long sword (weapon)
Armour
 b - a +0 scale mail (worn)
 c - a +0 buckler (worn)
Scrolls
 e - a scroll of blinking {unknown}
Potions
 d - a potion of might


   Skills:
 + Level 3.9 Fighting
 + Level 2.5 Long Blades
 + Level 3.9 Armour
 + Level 4.1 Shields


You had one spell level left.
You didn't know any spells.
Your spell library contained the following spells:

 Spells                   Type           Power      Damage    Failure   Level
 Animate Dead             Necr           0%         N/A       100%        4
 Borgnjor's Vile Clutch   Necr/Erth      0%         N/A       100%        5
 Death Channel            Necr           0%         N/A       100%        6


Dungeon Overview and Level Annotations

Branches:
Dungeon (2/15)

Altars:

Annotations:
D:2 Sigmund


Innate Abilities, Weirdness & Mutations

You have a pair of horns on your head.
You reflexively headbutt those who attack you in melee.


Message History

Something tries to affect you, but you resist.
The hobgoblin hits you but does no damage.
The frilled lizard bites you but does no damage.
You bump into the rock wall.
You feel less confused. Something hits you. The hobgoblin barely misses you.
The frilled lizard bites you but does no damage.
You slash something! Your headbutt misses something.
You block the hobgoblin's attack. The frilled lizard barely misses you.
You hear some strange, mumbled words.
A puff of flame appears from out of thin air!
You block the puff of flame.
You closely miss something.
The hobgoblin hits you but does no damage.
Something hits you. You block the frilled lizard's attack.
The hobgoblin barely misses you.
You closely miss something. The frilled lizard barely misses you.
You block something's attack.
The hobgoblin hits you but does no damage.
The frilled lizard bites you but does no damage.
You barely miss something. The hobgoblin barely misses you.
The frilled lizard bites you.
You hear some strange, mumbled words.
Something tries to affect you, but you resist.
You barely miss something. The hobgoblin completely misses you.
You block the frilled lizard's attack.
You closely miss something. The hobgoblin hits you. Something hits you.
The frilled lizard bites you.
* * * LOW HITPOINT WARNING * * *
The hobgoblin hits you but does no damage.
You closely miss something. Your headbutt misses something.
The frilled lizard closely misses you.
You hear some strange, mumbled words.
A puff of flame appears from out of thin air!
The puff of flame hits you!
* * * LOW HITPOINT WARNING * * *
The hobgoblin hits you but does no damage.
You block the frilled lizard's attack.
You miss something. Something hits you!
You die...

######### #.......#
#.#####.# ###.#### .#
#######......##.#####
#.......#.##........#
#.#######.###@......#
#.# #...g{l.###.# #.#
#####.##... #.# #.#
.##.# #.# ... . #.##
..# # #..# ..# ##.#
...# #.# ...#


You could see a hobgoblin and a frilled lizard.

Vanquished Creatures
  5 ball pythons
  An endoplasm (D:1)
  A giant cockroach (D:1)
  A goblin (D:1)
  2 hobgoblins (D:1)
  3 quokkas (D:1)
  A bat (D:1)
  A frilled lizard (D:1)
  A kobold (D:1)
  A rat (D:2)
17 creatures vanquished.

Vanquished Creatures (others)
  A demonic plant (D:1)
1 creature vanquished.

Grand Total: 18 creatures vanquished

Notes
Turn   | Place    | Note
-------+----------+-------------------------------------------
     0 | D:1      | Peloso the Minotaur Fighter began the quest for the Orb.
     0 | D:1      | Reached XP level 1. HP: 19/19 MP: 0/0
   197 | D:1      | Reached skill level 4 in Shields
   197 | D:1      | Reached XP level 2. HP: 21/27 MP: 1/1
   580 | D:1      | Found a faded altar of an unknown god.
   580 | D:1      | Noticed a tormentor
   978 | D:2      | Noticed Sigmund
   995 | D:2      | HP: 1/27 [something/puff of flame (7)]
   996 | D:2      | Mangled by Sigmund

Illustrated notes

Levels and vault maps discovered:
D:1:      mrwooster_arrival_statue_3, layout_loops_corners,
          dreamdust_ecumenical_altar_sealed_demon
D:2:      layout_loops_cross, serial_shops, nicolae_shop_hallway_plus,
          uniq_terence, uniq_jessica, uniq_sigmund

Skill      XL: |  1 |
---------------+----+-----
Shields        | 4 |  4.1
Fighting       | |  3.9
Long Blades    | |  2.5
Armour         | |  3.9

Action                   || total
-------------------------++-------
Melee: Long sword        ||    50
       Headbutt          ||     2
Armor: Scale mail        ||    28
Dodge: Dodged            ||    31
Block: Buckler           ||    23
